 Dungeon Crawl Stone Soup version 0.27.1-15-g792fb953b9 (webtiles) character file.

Game seed: 8345278880702984762

3673 bearlyready the Covert (level 10, 25/59 HPs)
             Began as a Kobold Fighter on Nov 18, 2021.
             Was a Believer of Wu Jian.
             Quit the game on level 8 of the Dungeon.
             The game lasted 00:13:22 (9474 turns).

bearlyready the Covert (Kobold Fighter)             Turns: 9474, Time: 00:13:23

Health: 25/59      AC:  5    Str: 20    XL:     10   Next: 34%
Magic:  10/10      EV: 12    Int:  9    God:    Wu Jian [**....]
Gold:   371        SH:  6    Dex: 18    Spells: 9/9 levels left

rFire    . . .     SeeInvis .   b - +0 short sword (vamp)
rCold    . . .     Faith    .   c - +0 buckler
rNeg     . . .     Spirit   .   z - +0 steam dragon scales
rPois    +         Reflect  .   (no helmet)
rElec    .         Harm     .   (no cloak)
rCorr    .         Rampage  .   (no gloves)
Will     .....                  (no boots)
Stlth    ++++++....             n - amulet of the acrobat
HPRegen  0.19/turn              u - +6 ring of strength
MPRegen  0.12/turn              w - ring of poison resistance

@: mildly poisoned (25 -> 21)
A: small, no large weapons, nightstalker 3
a: Renounce Religion, Wall Jump


You were on level 8 of the Dungeon.
You worshipped Wu Jian.
Wu Jian was pleased with you.
You visited 1 branch of the dungeon, and saw 8 of its levels.

You collected 371 gold pieces.

Inventory:

Hand Weapons
 a - a +0 rapier
 b - a +0 vampiric short sword (weapon)
 p - a +2 short sword of speed
Missiles
 m - 33 poisoned darts (quivered)
Armour
 c - a +0 buckler (worn)
 l - a +0 scale mail
 z - +0 steam dragon scales (worn)
 D - the +2 leather armour "Vytyfos" {rC+ Str+4 Int-3}
   (You found it on level 7 of the Dungeon)

   Str:       It affects your strength (+4).
   Int:       It affects your intelligence (-3).
   rC:        It protects you from cold.
Jewellery
 n - an amulet of the acrobat (around neck)
 u - a +6 ring of strength (left hand)
 w - a ring of poison resistance (right hand)
Wands
 t - a wand of charming (6)
Scrolls
 e - 2 scrolls of vulnerability {unknown}
 g - a scroll of brand weapon {unknown}
 i - 3 scrolls of noise {unknown}
 q - a scroll of teleportation {unknown}
 r - a scroll of fear {unknown}
 s - 7 scrolls of identify {unknown}
 x - a scroll of acquirement {unknown}
 y - a scroll of magic mapping {unknown}
 A - a scroll of amnesia {unknown}
 B - 2 scrolls of torment {unknown}
Potions
 d - a potion of might
 h - a potion of mutation {unknown}
 j - a potion of degeneration {unknown}
 k - a potion of haste
 v - a potion of ambrosia {unknown}
 C - 2 potions of heal wounds {unknown}


   Skills:
 - Level 5.1 Fighting
 + Level 10.6 Short Blades
 - Level 5.2 Throwing
 - Level 2.4 Armour
 + Level 11.1 Stealth
 - Level 2.4 Shields
 + Level 7.1 Evocations


You had 9 spell levels left.
You didn't know any spells.
Your spell library contained the following spells:

 Spells                   Type           Power      Damage    Failure   Level
 Sublimation of Blood     Necr           0%         N/A       63%         2
 Wereblood                Tmut           0%         N/A       63%         2
 Dazzling Flash           Conj/Hex       0%         N/A       85%         3
 Gell's Gravitas          Tloc           0%         N/A       85%         3
 Inner Flame              Hex/Fire       0%         N/A       85%         3
 Teleport Other           Tloc           0%         N/A       85%         3
 Cause Fear               Hex            0%         N/A       99%         4
 Agony                    Necr           0%         N/A       100%        5
 Silence                  Hex/Air        0%         N/A       100%        5
 Dispersal                Tloc           0%         N/A       100%        6
 Summon Hydra             Summ           0%         N/A       100%        7
 Discord                  Hex            0%         N/A       100%        8


Dungeon Overview and Level Annotations

Branches:
Dungeon (8/15)             Temple (0/1) D:4
   Lair: D:8-11

Altars:
Wu Jian


Innate Abilities, Weirdness & Mutations

You are small and have problems with some larger weapons.
You are completely attuned to the shadows.


Message History

You hit the water moccasin but do no damage.
You are too injured to fight recklessly!
You hit the water moccasin.
You feel better.
The water moccasin is lightly wounded.
The water moccasin bites you.
You are poisoned.
The water moccasin poisons you!
You closely miss the water moccasin.
The water moccasin is lightly wounded.
You feel sick.
The water moccasin bites you but does no damage.
You are too injured to fight recklessly!
You miss the water moccasin.
The water moccasin is lightly wounded.
You feel sick. The water moccasin bites you.
You are too injured to fight recklessly!
You closely miss the water moccasin.
The water moccasin is lightly wounded.
You feel sick.
You are too injured to fight recklessly!
Your shield prevents you from hitting the water moccasin.
The water moccasin is lightly wounded.
You feel sick. You block the water moccasin's attack.
You are too injured to fight recklessly!
You barely miss the water moccasin.
The water moccasin is lightly wounded.
You feel sick. The water moccasin bites you.
You hit the water moccasin.
You feel better.
The water moccasin is moderately wounded.
You feel sick. You block the water moccasin's attack.
You are too injured to fight recklessly!
You hit the water moccasin but do no damage.
The water moccasin is lightly wounded.
You feel sick. The water moccasin misses you.
You are too injured to fight recklessly!
You miss the water moccasin.
The water moccasin is lightly wounded.
You feel sick. You block the water moccasin's attack.
You are too injured to fight recklessly!
Are you sure you want to abandon this character and quit the game? (Confirm with "yes".)

#.# #†# #.# #.# # #)#
# #.# # #(#
####################.#
.))(........(..S@...>#
##################.###
# ###.# # #...#
########.#.#
.......'.#.#
.......#.#.#
####..##.#.# #...#..#


You could see a water moccasin.

Vanquished Creatures
  A two-headed ogre (D:7)
  A hornet (D:6)
  4 wyverns
  2 yaks (D:8)
  A steam dragon (D:7)
  3 water moccasins
  2 black bears
  2 ice beasts
  2 sky beasts
  An ogre (D:4)
  2 scorpions
  A water moccasin zombie (D:5)
  2 wyvern skeletons (D:7)
  3 howler monkeys (D:7)
  4 hounds
  An orc priest (D:8)
  2 iguanas
  4 orc wizards
  A howler monkey zombie (D:6)
  4 gnolls (D:3)
  6 adders
  2 worms
  2 dart slugs
  13 orcs
  9 bats
  5 endoplasms
  4 giant cockroaches
  3 hobgoblins
  4 jackals (D:1)
  4 kobolds
  4 quokkas
  7 ball pythons
  3 frilled lizards
  2 goblins
  7 rats
118 creatures vanquished.

Vanquished Creatures (collateral kills)
  A worm (D:5)
1 creature vanquished.

Vanquished Creatures (others)
  2 bushes (D:8)
  5 fungi
  25 plants
32 creatures vanquished.

Grand Total: 151 creatures vanquished

Notes
Turn   | Place    | Note
-------+----------+-------------------------------------------
     0 | D:1      | bearlyready the Kobold Fighter began the quest for the Orb.
     0 | D:1      | Reached XP level 1. HP: 14/14 MP: 1/1
    24 | D:1      | Noticed an electric eel
   121 | D:1      | Reached skill level 1 in Stealth
   121 | D:1      | Reached XP level 2. HP: 19/19 MP: 2/2
   175 | D:1      | Reached skill level 1 in Throwing
   302 | D:1      | Reached XP level 3. HP: 16/23 MP: 3/3
   329 | D:1      | Reached skill level 2 in Stealth
   611 | D:1      | Found a faded altar of an unknown god.
  1218 | D:2      | Reached XP level 4. HP: 13/28 MP: 4/4
  1376 | D:2      | Found an ornate altar of the Wu Jian Council.
  1416 | D:2      | Became a worshipper of the Wu Jian Council
  1950 | D:2      | Reached skill level 3 in Stealth
  2248 | D:2      | Reached XP level 5. HP: 32/32 MP: 5/5
  3516 | D:4      | Found a staircase to the Ecumenical Temple.
  3597 | D:4      | Reached skill level 4 in Stealth
  3604 | D:4      | Reached * piety under Wu Jian
  3615 | D:4      | Reached XP level 6. HP: 21/37 MP: 6/6
  3635 | D:4      | Reached skill level 5 in Short Blades
  4166 | D:4      | Noticed an ogre
  4185 | D:4      | Killed an ogre
  4533 | D:4      | Reached skill level 5 in Stealth
  4760 | D:5      | Entered Level 5 of the Dungeon
  4774 | D:5      | Reached XP level 7. HP: 28/41 MP: 7/7
  5084 | D:5      | Reached skill level 6 in Stealth
  5777 | D:6      | Noticed a hornet
  5780 | D:6      | Killed a hornet
  5781 | D:6      | Reached skill level 5 in Throwing
  5781 | D:6      | Reached XP level 8. HP: 46/46 MP: 8/8
  5878 | D:6      | Reached skill level 7 in Stealth
  6319 | D:6      | Reached skill level 1 in Evocations
  6775 | D:7      | Reached skill level 8 in Stealth
  7025 | D:7      | Reached XP level 9. HP: 35/52 MP: 9/9
  7940 | D:7      | Identified the +1 robe of Haunted Birdsong {-Tele Regen+
                  | MP+9}
  7986 | D:7      | Reached skill level 5 in Fighting
  8065 | D:7      | Identified the +2 leather armour "Vytyfos" {rC+ Str+4
                  | Int-3}
  8449 | D:8      | Reached ** piety under Wu Jian
  8450 | D:8      | Reached skill level 9 in Stealth
  8453 | D:8      | Noticed a two-headed ogre
  8522 | D:7      | Killed a two-headed ogre
  8523 | D:7      | Reached skill level 5 in Evocations
  8696 | D:8      | Reached skill level 10 in Stealth
  8772 | D:8      | Reached XP level 10. HP: 24/59 MP: 10/10
  9007 | D:8      | Reached skill level 10 in Short Blades
  9203 | D:8      | Reached skill level 11 in Stealth
  9474 | D:8      | Quit the game

Illustrated notes

Levels and vault maps discovered:
D:1:      arrival_aquarium_a, layout_rooms,
          shapermc_ecumenical_altar_mp_urbaneastern, kennysheep_flooded_box
D:2:      layout_basic, basic_altar, minmay_hexomino_f4
D:3:      layout_loops_corners
D:4:      layout_basic, temple_doors_e
D:5:      layout_rooms, gammafunk_temple_overflow_claw,
          hangedman_decor_riveting, uniq_blork_the_orc
D:6:      layout_loops_ring
D:7:      layout_cave_pods, minmay_misc_feat_encased, minivault_22
D:8:      minmay_quarter_circles, layout_basic, minmay_lair_entry_grove,
          water_boxes_lemuel

Skill      XL: |  1  2  3  4  5  6  7  8  9 10 |
---------------+-------------------------------+-----
Short Blades   | 3 4 5 7 8 9 10 | 10.6
Stealth        | 1 2 3 4 5 6 8 10 11 | 11.1
Throwing       | 1 2 3 4 5 |  5.2
Evocations     | 2 5 7 |  7.1
Fighting       | 4 5 |  5.1
Armour         | |  2.4
Shields        | |  2.4

Action                   |  1- 3 |  4- 6 |  7- 9 | 10-12 || total
-------------------------+-------+-------+-------+-------++-------
Melee: Rapier            |    92 |    55 |    67 |       ||   214
       Short sword       |       |   136 |   161 |    91 ||   388
Throw: Dart              |       |     7 |    25 |     9 ||    41
       Throwing net      |       |       |     2 |     1 ||     3
Invok: Lunge             |       |     9 |     8 |     2 ||    19
       Whirlwind         |       |     2 |    19 |     3 ||    24
 Abil: Wall Jump         |       |       |       |     1 ||     1
Evoke: Wand              |       |       |     4 |     9 ||    13
  Use: Potion            |       |     1 |     4 |       ||     5
 Stab: Sleeping          |     3 |    11 |    10 |       ||    24
       Distracted        |       |     1 |       |       ||     1
Armor: Scale mail        |    20 |    43 |    43 |       ||   106
       Skin              |       |    16 |    27 |       ||    43
       Steam dragon scal |       |       |    16 |    10 ||    26
Dodge: Dodged            |    44 |    74 |   107 |    25 ||   250
Block: Buckler           |    25 |    36 |    40 |    18 ||   119
